 Dungeon Crawl Stone Soup version 0.17.0-17-ge4ba49f (webtiles) character file.

38 Leibowitz the Cutter (level 3, -8/22 HPs)
             Began as a Kobold Gladiator on Nov 11, 2015.
             Was a Follower of Vehumet.
             Killed from afar by Sigmund (9 damage)
             ... with a puff of flame
             ... on level 2 of the Dungeon.
             The game lasted 00:04:22 (1460 turns).

Leibowitz the Cutter (Kobold Gladiator)             Turns: 1460, Time: 00:04:23

Health: -8/22      AC:  5    Str: 13    XL:     3   Next: 65%
Magic:  3/3        EV: 17    Int:  6    God:    Vehumet [*.....]
Gold:   109        SH:  0    Dex: 17    Spells: 0 memorised, 2 levels left

rFire  . . .     SeeInvis .     a - +0 rapier
rCold  + . .     Clarity  .     h - +0 robe {rC+}
rNeg   . . .     SustAt   .     (shield restricted)
rPois  .         Gourm    .     c - +0 helmet
rElec  .         Spirit   .     (no cloak)
rCorr  .         Warding  .     (no gloves)
rMut   .         Stasis   .     (no boots)
MR     .....                    (no amulet)
Stlth  ++........               (no ring)
                                p - +2 ring of protection

@: lethally poisoned (-8 -> -13), not resistant to hostile enchantments,
unstealthy
A: carnivore 3
a: Renounce Religion


You were on level 2 of the Dungeon.
You worshipped Vehumet.
Vehumet was aware of your devotion.
You were completely stuffed.

You visited 1 branch of the dungeon, and saw 2 of its levels.

You collected 109 gold pieces.

Inventory:

Hand Weapons
 a - a +0 rapier (weapon)
Missiles
 d - 2 throwing nets (quivered)
 e - 33 poisoned needles
Armour
 c - a +0 helmet (worn)
 h - a +0 robe of cold resistance (worn)
Jewellery
 p - a +2 ring of protection (left hand)
Wands
 o - a wand of polymorph (17)
Scrolls
 b - a scroll of remove curse {unknown}
 j - a scroll of fog {unknown}
 k - a scroll of teleportation {unknown}
 r - a scroll of immolation {unknown}
 s - 2 scrolls of enchant weapon {unknown}
 t - a scroll of identify {unknown}
 v - a scroll of amnesia {unknown}
Potions
 g - a potion of agility {unknown}
 i - a potion of cancellation
 m - a potion of heal wounds {unknown}
 n - a potion of flight {unknown}
 q - a potion of magic
 u - a potion of might {unknown}
Comestibles
 f - 2 meat rations
 l - a slice of pizza


   Skills:
 + Level 2.3 Fighting
 + Level 4.7 Short Blades
 + Level 2.1 Throwing
 + Level 0.1 Armour
 + Level 4.2 Dodging
 + Level 1.9 Stealth


You had 2 spell levels left.
You didn't know any spells.

Dungeon Overview and Level Annotations

Branches:
Dungeon (2/15)

Altars:
Vehumet

Annotations:
D:2 Sigmund


Innate Abilities, Weirdness & Mutations

You are small and have problems with some larger weapons.
You are carnivorous and can eat meat at any time.


Message History

The helpless Sigmund fails to defend himself.
You puncture Sigmund!
Sigmund is heavily wounded.
You hit Sigmund but do no damage.
Sigmund is heavily wounded.
You feel sick.
Sigmund screams, "You will never...
NEVER!!!"
Sigmund casts a spell at you. The puff of flame hits you!
* * * LOW HITPOINT WARNING * * *
Sigmund struggles against the net.
Drink which item? (? for menu, Esc to quit)
It was a potion of cancellation.
You feel magically purged.
Drink which item? (? for menu, Esc to quit)
It was a potion of magic.
Magic courses through your body.
* * * LOW HITPOINT WARNING * * *
You feel sick. Sigmund gestures at you while chanting.
The puff of flame hits you!
You die...

............####
..#########.#
..#########.#
..........#.#
..........#.#
..#########.# .....#
#...#
..##.####.##############
#.##.#..........@@......
..##.#.#.###############
##...#.#.# ##.#..<#.#
...#...#.# ########.#
.........# ##########


You could see Sigmund (caught).

Vanquished Creatures
  7 bats
  4 goblins
  4 hobgoblins (D:1)
  4 giant cockroaches (D:1)
  4 giant newts (D:1)
  4 jackals (D:2)
  3 kobolds
  A quokka (D:2)
  7 rats
38 creatures vanquished.

Notes
Turn   | Place    | Note
--------------------------------------------------------------
     0 | D:1      | Leibowitz the Kobold Gladiator began the quest for the Orb.
     0 | D:1      | Reached XP level 1. HP: 12/12 MP: 1/1
   257 | D:1      | Reached XP level 2. HP: 17/17 MP: 2/2
   329 | D:1      | Reached skill level 1 in Stealth
   943 | D:1      | Reached XP level 3. HP: 21/21 MP: 3/3
  1254 | D:2      | Found a faded altar to an unknown god.
  1271 | D:2      | Became a worshipper of Vehumet
  1271 | D:2      | Reached * piety under Vehumet
  1271 | D:2      | Offered knowledge of Flame Tongue by Vehumet.
  1451 | D:2      | Noticed Sigmund
  1460 | D:2      | HP: 1/22 [poisoned by Sigmund]
  1460 | D:2      | Killed from afar by Sigmund

Action                   || total
-------------------------++-------
Melee: Rapier            ||   113
Throw: Throwing net      ||     1
  Use: Potion            ||     2
 Stab: Sleeping          ||     8
       Held in net/web   ||     1
  Eat: Chunk             ||    10
